 Dungeon Crawl Stone Soup version 0.25.0-8-gfd19cd77bd (webtiles) character file.

Game seed: 7144836268982649261

4174 Froggeryz the Cleaver (level 10, 0/115 HPs)
             Began as a Minotaur Berserker on June 16, 2020.
             Was a High Priest of Trog.
             Slain by a killer bee (4 damage)
             ... on level 8 of the Dungeon.
             The game lasted 00:10:35 (7274 turns).

Froggeryz the Cleaver (Minotaur Berserker)          Turns: 7274, Time: 00:10:36

Health: 0/115      AC:  7    Str: 25    XL:     10   Next: 7%
Magic:  9/9        EV: 11    Int:  4    God:    Trog [*****.]
Gold:   348        SH:  6    Dex: 10    Spells: 9/9 levels left

rFire    + . .     SeeInvis +   x - +1 hand axe (vamp)
rCold    + . .     Gourm    .   b - +0 buckler
rNeg     . . .     Faith    .   e - +0 scale mail
rPois    .         Spirit   .   (helmet restricted)
rElec    .         Reflect  .   a - scarf {rC+ rF+}
rCorr    .         Harm     .   (no gloves)
MR       .....                  (no boots)
Stlth    ..........             (no amulet)
HPRegen  0.29/turn              B - ring of see invisible
MPRegen  0.11/turn              (no ring)

@: berserking, lethally poisoned (0 -> -29), very quick
A: retaliatory headbutt, horns 2
a: Berserk, Trog's Hand, Brothers in Arms, Renounce Religion


You were on level 8 of the Dungeon.
You worshipped Trog.
Trog was extremely pleased with you.
You were very hungry.

You visited 1 branch of the dungeon, and saw 8 of its levels.

You collected 393 gold pieces.
You spent 45 gold pieces at shops.

Inventory:

Hand Weapons
 x - a +1 vampiric hand axe (weapon)
Missiles
 F - a throwing net (quivered)
Armour
 a - a scarf of resistance (worn)
 b - a +0 buckler (worn)
 e - a +0 scale mail (worn)
 k - a +0 kite shield
Jewellery
 n - an uncursed ring of fire
 B - a ring of see invisible (left hand)
Wands
 u - a wand of flame (15)
 A - a wand of polymorph (11)
Scrolls
 d - 3 scrolls of teleportation
 f - 3 scrolls of enchant armour {unknown}
 g - 7 scrolls of identify {unknown}
 i - 6 scrolls of remove curse {unknown}
 o - a scroll of immolation {unknown}
 q - a scroll of enchant weapon {unknown}
 v - 2 scrolls of fear {unknown}
 w - 2 scrolls of fog {unknown}
 y - a scroll of amnesia {unknown}
 D - a scroll of vulnerability {unknown}
 E - 3 scrolls of blinking {unknown}
Potions
 h - 3 potions of brilliance {unknown}
 j - 5 potions of heal wounds {unknown}
 l - 2 potions of invisibility {unknown}
 m - 5 potions of curing {unknown}
 p - a potion of ambrosia {unknown}
 r - a potion of degeneration {unknown}
 s - a potion of might {unknown}
 t - 2 potions of resistance
 z - a potion of berserk rage {unknown}
 C - a potion of flight {unknown}
Comestibles
 c - 8 rations


   Skills:
 - Level 3.6 Fighting
 * Level 12.8 Axes
 - Level 4.2 Armour
 - Level 2.2 Dodging
 * Level 11.2 Shields


You had 9 spell levels left.
You didn't know any spells.
Your spell library was empty.

Dungeon Overview and Level Annotations

Branches:
Dungeon (8/15)             Temple (0/1) D:5
   Lair: D:8-11

Altars:
Dithmenos
Gozag
Makhleb
Ru
Trog
The Shining One
Beogh

Shops:
D:6 [


Innate Abilities, Weirdness & Mutations

You reflexively headbutt those who attack you in melee.
You have a pair of horns on your head.


Message History

* * * LOW HITPOINT WARNING * * *
The killer bee stings you.
* * * LOW HITPOINT WARNING * * *
You are more poisoned.
The killer bee poisons you!
A red film seems to cover your vision as you go berserk!
You feel yourself moving faster!
You feel mighty!
You are feeling very hungry.
* * * LOW HITPOINT WARNING * * *
You feel very sick. The killer bee barely misses you.
You block the killer bee's attack. The killer bee stings you.
* * * LOW HITPOINT WARNING * * *
The killer bee misses you.
You hit the killer bee.
You feel better.
The killer bee is lightly wounded.
You miss the killer bee.
* * * LOW HITPOINT WARNING * * *
You feel sick. The killer bee stings you.
You die...

##.............###
##...........####
##.............#
##..)...........#
#...÷#....).....#
.........!......##..#
.$Y.l##.........##
#.# .YY..%
##........# ..#
...... #...@....# .#
..##. ##.†yy...... #.
## #....####..
..#..## ##. .......
##...#.. .....#.
.###.. ..


You could see 2 killer bees.

Vanquished Creatures
  A two-headed ogre (D:8)
  A death yak (D:8)
  Sigmund (D:4)
  The ghost of paps the Skirmisher, an amateur DsFi of Qazlal (D:3)
  Menkaure (D:4)
  Edmund (D:6)
  2 sky beasts (D:5)
  An ogre (D:6)
  A crocodile (D:8)
  A centaur (D:2)
  3 bullfrogs
  A scorpion (D:7)
  8 killer bees
  4 wights (D:7)
  A centaur zombie (D:5)
  A crimson imp (D:7)
  A bullfrog zombie (D:7)
  4 orc priests
  2 bullfrog skeletons
  3 jellies
  A centaur skeleton (D:7)
  Crazy Yiuf (D:4)
  Jessica (D:3)
  5 worker ants
  8 orc wizards
  A hound zombie (D:5)
  3 hound skeletons
  A howler monkey zombie (D:6)
  Robin (D:4)
  A worker ant zombie (D:5)
  6 adders
  11 gnolls
  4 shadow imps
  2 oozes
  An adder zombie (D:7)
  5 worms
  2 dart slugs
  4 leopard geckos
  31 orcs
  6 bats
  5 giant cockroaches
  20 goblins
  10 hobgoblins
  8 jackals
  9 kobolds
  4 quokkas
  5 ball pythons
  8 frilled lizards
  A leopard gecko zombie (D:7)
  A quokka skeleton (D:5)
  10 rats
215 creatures vanquished.

Notes
Turn   | Place    | Note
-------+----------+-------------------------------------------
     0 | D:1      | Froggeryz the Minotaur Berserker began the quest for the
                  | Orb.
     0 | D:1      | Reached XP level 1. HP: 19/19 MP: 0/0
   254 | D:1      | Reached skill level 4 in Axes
   320 | D:1      | Reached XP level 2. HP: 26/26 MP: 1/1
  1150 | D:2      | Reached XP level 3. HP: 31/31 MP: 2/2
  1191 | D:2      | Reached ** piety under Trog
  1229 | D:2      | Reached skill level 5 in Axes
  1500 | D:2      | Reached XP level 4. HP: 39/39 MP: 3/3
  1519 | D:2      | Found a shadowy altar of Dithmenos.
  1684 | D:2      | Reached skill level 6 in Axes
  1719 | D:2      | Noticed a centaur
  1730 | D:2      | Killed a centaur
  1730 | D:2      | Reached XP level 5. HP: 7/45 MP: 4/4
  2134 | D:2      | Found a burning altar of Makhleb.
  2134 | D:2      | Noticed an Executioner
  2643 | D:3      | Found a runed translucent gate.
  2643 | D:3      | Found a runed translucent gate.
  2643 | D:3      | Found a runed translucent gate.
  2643 | D:3      | Noticed paps's ghost (amateur DsFi)
  2644 | D:3      | Found a roughly hewn altar of Beogh.
  2692 | D:3      | Reached *** piety under Trog
  2696 | D:3      | Reached skill level 1 in Shields
  2732 | D:3      | Killed paps's ghost
  2732 | D:3      | Reached skill level 7 in Axes
  2732 | D:3      | Reached XP level 6. HP: 41/51 MP: 5/5
  3175 | D:3      | Noticed Jessica
  3181 | D:3      | Killed Jessica
  3307 | D:4      | Noticed Menkaure
  3313 | D:4      | Killed Menkaure
  3313 | D:4      | Reached skill level 8 in Axes
  3313 | D:4      | Reached XP level 7. HP: 47/57 MP: 6/6
  3346 | D:4      | Noticed Robin
  3355 | D:4      | Killed Robin
  3425 | D:4      | Found a runed translucent door.
  3426 | D:4      | Noticed Crazy Yiuf
  3789 | D:4      | Reached **** piety under Trog
  3961 | D:4      | Noticed Sigmund
  3973 | D:4      | Killed Sigmund
  3973 | D:4      | Reached skill level 5 in Shields
  4215 | D:4      | Killed Crazy Yiuf
  4215 | D:4      | Reached skill level 9 in Axes
  4254 | D:5      | Entered Level 5 of the Dungeon
  4260 | D:5      | Reached XP level 8. HP: 50/64 MP: 7/7
  4387 | D:5      | Found a sacrificial altar of Ru.
  4522 | D:5      | Found a staircase to the Ecumenical Temple.
  4754 | D:5      | Found a bloodstained altar of Trog.
  4936 | D:6      | Reached skill level 10 in Axes
  5048 | D:6      | Noticed Edmund
  5061 | D:6      | Killed Edmund
  5100 | D:6      | Reached ***** piety under Trog
  5384 | D:6      | Found Nuemum's Armour Shop.
  5392 | D:6      | Bought a +0 buckler for 45 gold pieces
  5927 | D:7      | Found an opulent altar of Gozag.
  5962 | D:7      | Reached XP level 9. HP: 17/70 MP: 8/8
  5966 | D:7      | Reached skill level 11 in Axes
  6545 | D:7      | Received a gift from Trog
  6878 | D:8      | Found a glowing golden altar of the Shining One.
  6907 | D:8      | Noticed a two-headed ogre
  6908 | D:8      | Noticed a death yak
  6919 | D:8      | Killed a two-headed ogre
  6919 | D:8      | Reached skill level 12 in Axes
  6919 | D:8      | Reached skill level 10 in Shields
  6924 | D:8      | Killed a death yak
  6924 | D:8      | Reached XP level 10. HP: 77/77 MP: 9/9
  6932 | D:8      | Noticed a death yak
  6933 | D:8      | Noticed a death yak
  7273 | D:8      | HP: 3/115 [killer bee (6)]
  7274 | D:8      | Slain by a killer bee

Illustrated notes

Levels and vault maps discovered:
D:1:      dpeg_arrival_circle_labyrinth_c, layout_basic
D:2:      layout_loops_ring, lemuel_round_altar, kennysheep_cluttered_room,
          grunt_ministairs_14, st_stairs_6, makhleb_altar_promises_db
D:3:      layout_loops_ring, biasface_ghost_orc_armoury,
          kennysheep_jessica_study
D:4:      layout_basic, uniq_crazy_yiuf_cottage, uniq_sigmund, uniq_robin,
          uniq_menkaure
D:5:      layout_rooms, nicolae_overflow_crystal_walls,
          minmay_temple_entry_fiery, first_ration, trog_hazing_becter
D:6:      layout_basic, serial_shops, shop_statue, uniq_edmund
D:7:      layout_cave_pools, nicolae_gozag_seed_capital
D:8:      layout_layer_cave, nicolae_tso_carved_into_rock, dpeg_lair_monsters,
          basic_altar, hangedman_pestilent_swarm, uniq_erica

Skill      XL: |  1  2  3  4  5  6  7  8  9 |
---------------+----------------------------+-----
Axes           | 4 5 6 7 8 9 10 12 | 12.8
Armour         | 3 4 |  4.2
Shields        | 2 4 6 8 11 | 11.2
Fighting       | |  3.6
Dodging        | |  2.2

Action                   |  1- 3 |  4- 6 |  7- 9 | 10-12 || total
-------------------------+-------+-------+-------+-------++-------
Melee: Hand axe          |    91 |   121 |   371 |    24 ||   607
       Headbutt          |     9 |    10 |    79 |       ||    98
Throw: Throwing net      |       |       |     2 |       ||     2
Invok: Berserk           |     1 |     2 |     2 |     1 ||     6
  Use: Scroll            |       |       |       |     1 ||     1
 Stab: Held in net/web   |       |       |     1 |       ||     1
  Eat: Chunk             |     3 |     7 |    13 |     2 ||    25
Armor: Scale mail        |    35 |    70 |   111 |    12 ||   228
Dodge: Dodged            |    34 |    65 |   154 |    29 ||   282
Block: Buckler           |       |       |    36 |    18 ||    54
